 Dungeon Crawl Stone Soup version 0.29-a0-1065-g47a6bb8 (webtiles) character file.

Game seed: 2852317127001795985

52 XZede the Sneak (level 3, -4/15 HPs)
             Began as a Felid Venom Mage on Aug 18, 2022.
             Killed by divine providence
             ... invoked by an orc priest
              (14 damage)
             ... on level 2 of the Dungeon.
             The game lasted 00:19:50 (2251 turns).

XZede the Sneak (Felid Venom Mage)                  Turns: 2251, Time: 00:19:50

Health: -4/15      AC:  1    Str:  8    XL:     3   Next: 60%
Magic:  4/7        EV: 18    Int: 15    God:
Gold:   129        SH:  0    Dex: 17    Spells: 5/6 levels left
                                        Lives:  0   Deaths: 0

rFire   . . .      SeeInvis +   (weapon unavailable)
rCold   + . .      Faith    .   (shield unavailable)
rNeg    . . .      Spirit   .   (body armour unavailable)
rPois   .          Reflect  .   (helmet unavailable)
rElec   .          Harm     .   (cloak unavailable)
rCorr   +          Rampage  .   (gloves unavailable)
Will    +....      Rage     3%  (boots unavailable)
Stlth   +++.......              (no amulet)
HPRegen 0.05/turn               b - ring of Pulehun {rC+ Will+ rCorr}
MPRegen 0.10/turn               (no ring)

@: very slightly contaminated, quick
A: very small, claws 1, fangs 3, see invisible, speed 1, shaggy fur 1, stealthy
paws, no weapons or thrown items, no armour, multi-lived, berserk 1, robust 1,
strong 1
a: no special abilities


You were on level 2 of the Dungeon.
You visited 1 branch of the dungeon, and saw 3 of its levels.

You collected 129 gold pieces.

Inventory:

Jewellery
 b - the ring of Pulehun (left paw) {rC+ Will+ rCorr}
   (You acquired it on level 2 of the Dungeon)

   [ring of resist corrosion]

   rC:        It protects you from cold.
   rCorr:     It protects you from acid and corrosion.
   Will:      It increases your willpower.
Scrolls
 c - a scroll of identify
 d - a scroll of acquirement
Potions
 a - 2 potions of magic


   Skills:
 * Level 3.7 Dodging
 * Level 3.9 Stealth
 + Level 2.2 Spellcasting
 + Level 1.7 Transmutations
 + Level 3.0 Poison Magic


You had 5 spell levels left.
You knew the following spells:

 Your Spells              Type           Power      Damage    Failure   Level
a - Sting                 Tmut/Pois      32%        1d4       9%          1

Your spell library contained the following spells:

 Spells                   Type           Power      Damage    Failure   Level
 Poisonous Vapours        Pois/Air       12%        N/A       19%         2
 Mephitic Cloud           Conj/Pois/Air  4%         N/A       41%         3
 Olgreb's Toxic Radiance  Pois           10%        N/A       54%         4
 Summon Lightning Spire   Summ/Air       1%         N/A       91%         4
 Storm Form               Tmut/Air       2%         N/A       100%        7
 Maxwell's Capacitive Co  Air            0%         ∞         100%        8


Dungeon Overview and Level Annotations

Branches:
Dungeon (3/15)

Altars:


Innate Abilities, Weirdness & Mutations

You have sharp claws.
You have razor-sharp teeth.
You have supernaturally acute eyesight. (SInv)
You cover ground quickly. (Speed+)
You are covered in fur. (AC +1)
Your paws help you pounce on unaware monsters.
You are incapable of wielding weapons or throwing items.
You cannot wear armour.
You gain extra lives every three experience levels.
You sometimes lose your temper in combat.
You are robust. (+10% HP)
Your muscles are strong. (Str +4, Int/Dex -1)


Message History

Aim: an endoplasm (severely wounded, 97% to hit)
The sting hits the endoplasm.
The endoplasm partially resists.
The endoplasm is poisoned.
The endoplasm is almost dead.
You kill the endoplasm!
Your Poison Magic skill increases to level 3!
Unknown command.
There is a stone staircase leading up here.
You start resting.
Magic restored.
You start resting.
HP restored.
You climb upwards.
The orc hits you with a +0 club.
There is a stone staircase leading down here.
Casting: Sting (safe; 9% risk of failure)
Confirm with . or Enter, or press ? or * to list all spells.
Aiming: Sting (safe; 9% risk of failure)
Press: ? - help, Shift-Dir - straight line, f - orc
Aim: an orc, wielding a +0 club (68% to hit)
You miscast Sting.
You are very lightly contaminated with residual magic.
Nothing appears to happen.
The orc misses you.
Casting: Sting (safe; 9% risk of failure)
Confirm with . or Enter, or press ? or * to list all spells.
Aiming: Sting (safe; 9% risk of failure)
Press: ? - help, Shift-Dir - straight line, f/p - orc
Aim: an orc, wielding a +0 club (68% to hit)
The sting misses the orc.
The orc priest looks encouraged for a moment.
The orc hits you with a +0 club.
Casting: Sting (safe; 9% risk of failure)
Confirm with . or Enter, or press ? or * to list all spells.
Aiming: Sting (safe; 9% risk of failure)
Press: ? - help, Shift-Dir - straight line, f/p - orc
Aim: an orc, wielding a +0 club (68% to hit)
The sting misses the orc.
The orc barely misses you.
The orc priest calls down the wrath of Beogh upon you.
Beogh smites you!
Ouch! That really hurt!
You die...

### #.### #.#.. ###
### #...#.... ..#
#.#.....# #.#
#.#.#.#.####.#
#.#..#....##.#
#.#.#.#.#.##.###
#####..........o@..#
........#.#.#.#.>#.##
....................##
.#####..#..##..o#)#..#
.# #.................#
.#
#.#..#.#...#.#.#..##
##
#.#........#.......# #
#..#.#)#...#.#.#.#
#.............#....


You could see an orc priest and an orc.

Vanquished Creatures
  A worm (D:2)
  A dart slug (D:1)
  2 orcs (D:2)
  A ball python (D:1)
  5 endoplasms
  A giant cockroach (D:1)
  12 goblins
  4 hobgoblins
  2 jackals (D:1)
  3 bats (D:1)
  2 frilled lizards (D:1)
  2 kobolds (D:1)
  2 rats (D:1)
38 creatures vanquished.

Vanquished Creatures (collateral kills)
  A hobgoblin (D:2)
1 creature vanquished.

Grand Total: 39 creatures vanquished

Notes
Turn   | Place    | Note
-------+----------+-------------------------------------------
     0 | D:1      | XZede the Felid Venom Mage began the quest for the Orb.
     0 | D:1      | Reached XP level 1. HP: 7/7 MP: 4/4
   494 | D:1      | Reached XP level 2. HP: 11/11 MP: 4/6
  1207 | D:1      | Gained mutation: Your muscles are strong. (Str +4, Int/Dex
                  | -1) [potion of mutation]
  1207 | D:1      | Gained mutation: You sometimes lose your temper in combat.
                  | [potion of mutation]
  1207 | D:1      | Gained mutation: You are robust. (+10% HP) [potion of
                  | mutation]
  1238 | D:2      | Found a faded altar of an unknown god.
  1313 | D:2      | Identified a scroll of acquirement
  1313 | D:2      | Acquired the ring of Pulehun {rC+ Will+ rCorr}
  1488 | D:2      | Reached XP level 3. HP: 11/15 MP: 4/7
  2251 | D:2      | Killed from afar by an orc priest

Illustrated notes

Levels and vault maps discovered:
D:1:      amcnicky_arrival_gap_in_the_tavern_cellar, layout_loops_ring
D:2:      cheibrodos_greedy_goblins, layout_basic,
          ebering_ecumenical_altar_abandoned, hangedman_decor_riveting
D:3:      layout_basic, uniq_jessica, uniq_robin

Skill      XL: |  1  2  3 |
---------------+----------+-----
Stealth        | 3 |  3.9
Dodging        | 3 |  3.7
Poison Magic   | 3 |  3.0
Spellcasting   | |  2.2
Transmutations | |  1.7

Action                   || total
-------------------------++-------
Melee: Unarmed           ||     7
 Cast: Sting             ||    67
  Use: Scroll            ||     5
       Potion            ||     5
Armor: Skin              ||     5
Dodge: Dodged            ||    49

Table legend: (Time is in decaauts)
 A = Elapsed time spent in this place.
 B = Non-inter-level travel time spent in this place.
 C = Inter-level travel time spent in this place.
 D = Time resting spent in this place.
 E = Time spent auto-exploring this place.
 F = Levels seen in this place.
 G = Mean time per level.
                   A        B        C        D        E       F      G
               +--------+--------+--------+--------+--------+-----+--------+
         Total |   2016 |   1918 |     98 |    552 |    962 |   3 |  672.0 |
       Dungeon |   2016 |   1918 |     98 |    552 |    962 |   3 |  672.0 |
               +--------+--------+--------+--------+--------+-----+--------+

Top non-repeatable levels by time:
     D:1: 1068 daAuts
     D:2: 756 daAuts
     D:3: 191 daAuts
